 Dungeon Crawl Stone Soup version 0.26-a0-466-g989023bd0d (webtiles) character file.

Game seed: 3607697998189997083

95 graki42 the Firebug (level 4, -1/24 HPs)
             Began as a Deep Elf Fire Elementalist on Aug 13, 2020.
             Slain by a hobgoblin
             ... wielding a +0 club
             ... led by Robin
              (6 damage)
             ... on level 2 of the Dungeon.
             The game lasted 00:05:38 (2183 turns).

graki42 the Firebug (Deep Elf Fire Elementalist)    Turns: 2183, Time: 00:05:39

Health: -1/24      AC:  3    Str: 12    XL:     4   Next: 40%
Magic:  9/12       EV: 13    Int: 20    God:
Gold:   109        SH:  0    Dex: 15    Spells: 10/11 levels left

rFire    . . .     SeeInvis .   b - +0 dagger
rCold    . . .     Faith    .   (no shield)
rNeg     . . .     Spirit   .   a - +1 robe
rPois    .         Reflect  .   (no helmet)
rElec    .         Harm     .   (no cloak)
rCorr    .                      (no gloves)
MR       .....                  (no boots)
Stlth    ++........             (no amulet)
HPRegen  0.08/turn              g - +6 ring of strength
MPRegen  0.13/turn              (no ring)

@: stab
A: no striking features
a: no special abilities


You were on level 2 of the Dungeon.
You visited 1 branch of the dungeon, and saw 2 of its levels.

You collected 109 gold pieces.

Inventory:

Hand Weapons
 b - a +0 dagger (weapon)
Armour
 a - a +1 robe (worn)
Jewellery
 g - a +6 ring of strength (left hand)
Scrolls
 c - 3 scrolls of identify {unknown}
 d - 2 scrolls of remove curse
 e - a scroll of amnesia
Potions
 f - a potion of berserk rage {unknown}
 k - a potion of degeneration {unknown}


   Skills:
 - Level 3.0 Dodging
 - Level 3.0 Stealth
 + Level 4.0 Spellcasting
 + Level 2.3 Conjurations
 + Level 4.3 Fire Magic


You had 10 spell levels left.
You knew the following spells:

 Your Spells              Type           Power        Failure   Level
a - Foxfire               Conj/Fire      ###.         3%          1

Your spell library contained the following spells:

 Spells                   Type           Power        Failure   Level
 Conjure Flame            Conj/Fire      ###.....     10%         3
 Inner Flame              Hex/Fire       ##......     16%         3
 Sticky Flame             Conj/Fire      ###.....     32%         4
 Fireball                 Conj/Fire      ###.......   67%         5


Dungeon Overview and Level Annotations

Branches:
Dungeon (2/15)

Altars:
Okawaru
Ru

Annotations:
D:2 Robin


Message History

The goblin closely misses you. The hobgoblin barely misses you.
As you read the scroll labeled IMUNGADUU, it crumbles to dust.
It is a scroll of enchant armour.
Your +0 robe glows green for a moment.
The hobgoblin closely misses you. The goblin misses you.
The goblin hits you with a +0 club. The hobgoblin hits you with a +0 club!
* * * LOW HITPOINT WARNING * * *
Unknown command.
Okay, then.
It was a potion of curing.
You feel better. The hobgoblin hits you with a +0 club.
* * * LOW HITPOINT WARNING * * *
The goblin hits you with a +0 club.
* * * LOW HITPOINT WARNING * * *
The goblin barely misses you. The hobgoblin barely misses you.
It was a potion of stabbing.
You feel ready to backstab. The hobgoblin barely misses you.
The goblin misses you. The goblin barely misses you.
The hobgoblin hits you with a +0 club.
You die...

##.# ##+##
#P._.P.# #..# .#..
#PP.PP## #.##
####.#.# #P..^^
#.# #......#
###### #.#
#.#....## #.#
#...).... #.#
#g.....g.
#.########g..>....
#.......g@gg..#
##########gg....#
########


You could see Robin, 3 hobgoblins and 4 goblins.

Vanquished Creatures
  4 adders (D:2)
  2 oozes
  2 dart slugs (D:2)
  A worm (D:2)
  3 leopard geckos (D:2)
  6 bats
  4 giant cockroaches
  11 goblins
  4 hobgoblins
  A ball python (D:2)
  A frilled lizard (D:1)
  A kobold (D:1)
  2 rats (D:1)
42 creatures vanquished.

Vanquished Creatures (others)
  102 foxfires
102 creatures vanquished.

Grand Total: 144 creatures vanquished

Notes
Turn   | Place    | Note
-------+----------+-------------------------------------------
     0 | D:1      | graki42 the Deep Elf Fire Elementalist began the quest for
                  | the Orb.
     0 | D:1      | Reached XP level 1. HP: 10/10 MP: 6/6
   134 | D:1      | Reached XP level 2. HP: 10/15 MP: 2/8
   935 | D:2      | Reached XP level 3. HP: 19/19 MP: 4/9
  1922 | D:2      | Reached XP level 4. HP: 23/24 MP: 6/11
  2053 | D:2      | Found a sacrificial altar of Ru.
  2071 | D:2      | Found an iron altar of Okawaru.
  2170 | D:2      | Noticed Robin
  2183 | D:2      | Slain by a hobgoblin

Illustrated notes

Levels and vault maps discovered:
D:1:      minmay_arrival_up_and_down, layout_basic, minmay_tromino_v4_c
D:2:      layout_loops_corners, overflow_temple_1_default,
          nicolae_ru_the_path_less_chosen, grunt_decor_resistance,
          grunt_dithmenos_smoke_and_mirrors, uniq_robin

Skill      XL: |  1  2  3  4 |
---------------+-------------+-----
Fire Magic     | 4 |  4.3
Stealth        | 3 |  3.0
Dodging        | 3 |  3.0
Conjurations   | 2 |  2.3
Spellcasting   | 4 |  4.0

Action                   |  1- 3 |  4- 6 || total
-------------------------+-------+-------++-------
Melee: Dagger            |    20 |     2 ||    22
 Cast: Foxfire           |    57 |    12 ||    69
  Use: Scroll            |       |     3 ||     3
       Potion            |       |     2 ||     2
 Stab: Sleeping          |     2 |       ||     2
Dodge: Dodged            |    15 |    14 ||    29

Table legend: (Time is in decaauts)
 A = Elapsed time spent in this place.
 B = Non-inter-level travel time spent in this place.
 C = Inter-level travel time spent in this place.
 D = Time resting spent in this place.
 E = Time spent auto-exploring this place.
 F = Levels seen in this place.
 G = Mean time per level.
                   A        B        C        D        E       F      G
               +--------+--------+--------+--------+--------+-----+--------+
         Total |   2181 |   2159 |     22 |    701 |   1204 |   2 | 1090.5 |
       Dungeon |   2181 |   2159 |     22 |    701 |   1204 |   2 | 1090.5 |
               +--------+--------+--------+--------+--------+-----+--------+

Top non-repeatable levels by time:
     D:2: 1251 daAuts
     D:1: 930 daAuts
